 Dungeon Crawl Stone Soup version 0.18.1-48-g4cf74bf (webtiles) character file.

4473 wraslar the Ducker (level 10, -5/71 HPs)
             Began as a Demonspawn Wizard on Aug 31, 2016.
             Slain by a komodo dragon (22 damage)
             ... on level 2 of the Lair of Beasts on Sept 7, 2016.
             The game lasted 02:27:04 (7685 turns).

wraslar the Ducker (Demonspawn Wizard)              Turns: 7685, Time: 02:27:05

Health: -5/71      AC:  9    Str: 10    XL:     10   Next: 15%
Magic:  17/19      EV: 16    Int: 20    God:
Gold:   348        SH:  0    Dex: 15    Spells: 8 memorised, 4 levels left

rFire  . . .     SeeInvis .     v - +5 short sword (freeze)
rCold  . . .     Gourm    .     a - +0 robe
rNeg   . . .     Faith    .     (no shield)
rPois  .         Spirit   .     b - +2 hat
rElec  .         Dismiss  .     (no cloak)
rCorr  .         Reflect  .     (no gloves)
SustAt .         Harm     .     h - +0 pair of boots
MR     .....                    (no amulet)
Stlth  ++++......               I - ring of stealth
                                d - +4 ring of dexterity

@: about to teleport, very slightly contaminated, not resistant to hostile
enchantments, stealthy
A: rough black scales 1, spiny 2
a: no special abilities


You were on level 2 of the Lair of Beasts.
You were not hungry.

You visited 2 branches of the dungeon, and saw 10 of its levels.
You also visited: Sewer.

You collected 348 gold pieces.

Inventory:

Hand Weapons
 e - a +2 flail of crushing
 j - a +1 short sword of speed
 v - a +5 short sword of freezing (weapon)
 A - a +0 blowgun
 C - a +2 vampiric whip
 K - a +2 quarterstaff of chaos
Missiles
 r - 53 stones (quivered)
 B - 18 poisoned needles
Armour
 a - a +0 robe (worn)
 b - a +2 hat (worn)
 g - a +0 scale mail of fire resistance
 h - a +0 pair of boots (worn)
 L - a +0 cloak
Magical Staves
 p - an uncursed staff of death
Jewellery
 d - a +4 ring of dexterity (left hand)
 t - an uncursed ring of flight
 I - a ring of stealth (right hand)
Wands
 y - a wand of lightning (2/15)
Scrolls
 l - a scroll of immolation
 F - 2 scrolls of teleportation
 G - a scroll of magic mapping {unknown}
 H - 2 scrolls of amnesia
 J - 2 scrolls of remove curse
 N - a scroll of enchant armour
 O - 2 scrolls of identify
Potions
 f - 2 potions of lignification
 k - 2 potions of might
 o - a potion of resistance
 s - 2 potions of curing
 u - a potion of degeneration
 w - 2 potions of berserk rage
 x - 4 potions of brilliance
 z - 2 potions of cancellation
 E - 6 potions of flight
Books
 c - a book of Minor Magic

   Spells                             Type                      Level
   a - Magic Dart                     Conjuration                  1
   b - Blink                          Translocation                2
   c - Call Imp                       Summoning                    2
   d - Repel Missiles                 Charms/Air                   2
   e - Slow                           Hexes                        2
   f - Conjure Flame                  Conjuration/Fire             3
   g - Mephitic Cloud                 Conjuration/Poison/Air       3
 i - the Handbook of Black Magic and the Volcanoes
   (You found it on level 8 of the Dungeon)

   Spells                             Type                      Level
   a - Animate Skeleton               Necromancy                   1
   b - Throw Flame                    Conjuration/Fire             2
   c - Agony                          Necromancy                   5
   d - Cigotuvi's Embrace             Necromancy                   5
 q - a book of Dreams

   Spells                             Type                      Level
   a - Ensorcelled Hibernation        Hexes/Ice                    2
   b - Silence                        Hexes/Air                    5
   c - Darkness                       Hexes                        6
   d - Shadow Creatures               Summoning                    6
Comestibles
 m - 3 bread rations
 n - 3 fruits
 D - a meat ration
 M - 5 beef jerkies


   Skills:
 + Level 4.0 Fighting
 - Level 4.3 Short Blades
 * Level 3.6 Maces & Flails
 + Level 7.2 Dodging
 + Level 4.7 Stealth
 + Level 6.1 Spellcasting
 + Level 4.7 Conjurations
 + Level 1.7 Summonings
 * Level 3.6 Translocations
 + Level 1.0 Air Magic
 + Level 1.3 Poison Magic


You had 4 spell levels left.
You knew the following spells:

 Your Spells              Type           Power        Failure   Level  Hunger
a - Magic Dart            Conj           ####         1%          1    None
b - Call Imp              Summ           ##......     10%         2    None
c - Blink                 Tloc           N/A          3%          2    None
d - Slow                  Hex            #.......     17%         2    None
e - Mephitic Cloud        Conj/Pois/Air  ###.....     14%         3    ##.....
f - Ensorcelled Hibernat  Hex/Ice        #.....       17%         2    None
g - Conjure Flame         Conj/Fire      ###.....     14%         3    ##.....
h - Throw Flame           Conj/Fire      ###...       10%         2    None


Dungeon Overview and Level Annotations

Branches:
Dungeon (8/15)             Temple (0/1) D:4            Lair (2/8) D:8

Altars:
Ashenzari
Dithmenos
Fedhas
Kikubaaqudgha
Nemelex Xobeh
Okawaru
The Shining One

Annotations:
D:4 Pikel


Innate Abilities, Weirdness & Mutations

You are partially covered in rough black scales (AC +4, Dex -1).
You are mostly covered in sharp spines.


Message History

The wolf is severely wounded.
The wolf is struck by your spines. The wolf completely misses you.
The yak is struck by your spines. The yak gores you!
The yak closely misses you. The wolf bites you. The wolf barely misses you.
Read which item? (? for menu, Esc to quit)
As you read the scroll of teleportation, it crumbles to dust.
You feel strangely unstable. The wolf is struck by your spines.
You kill the wolf!
The yak closely misses you. The yak is struck by your spines.
The yak barely misses you.
Cast which spell? (? or * to list)
You miscast Blink.
You are very lightly contaminated with residual magic.
Nothing appears to happen.
The yak gores you. The yak is struck by your spines. The yak gores you!
* * * LOW HITPOINT WARNING * * *
The komodo dragon is struck by your spines.
The komodo dragon bites you!!
You die...

...........#####.#######
......#..................
......#..................
......#..................
P.....#..................
.........................
.........................
...............YYY......(
.#...#..........@Y.......
.#.♣..#.....#.###l##.P...
#.....#.......# .## ....
#♣.<.♣#......#... ...
♣............h...
##...#......h#... .#+#.
.... .... #. .. ... #P...
.. ..# ..


You could see a komodo dragon and 4 yaks.

Vanquished Creatures
  A kobold demonologist (Sewer)
  A two-headed ogre (D:8)
  Grinder (Sewer)
  Eustachio (D:5)
  A hippogriff (D:3)
  A hungry ghost (D:8)
  Edmund (D:3)
  A water moccasin (Lair:1)
  2 porcupines (Lair:1)
  A slave (D:4)
  An ice beast (D:7)
  A black bear (D:8)
  2 ogres (D:7)
  2 orc warriors
  5 wolves (Lair:2)
  A phantom (D:4)
  A centaur (D:5)
  3 big kobolds
  A giant frog (Lair:1)
  A scorpion (D:3)
  8 killer bees (D:7)
  A jelly (D:8)
  A howler monkey (D:7)
  6 crimson imps
  Crazy Yiuf (D:7)
  2 hounds (D:4)
  A centaur skeleton (D:5)
  An orc priest (D:8)
  6 worker ants
  Terence (D:3)
  A gnoll shaman (D:4)
  An iguana (D:5)
  4 orc wizards
  A big kobold zombie (Sewer)
  A hound skeleton (D:7)
  A worker ant zombie (D:5)
  12 gnolls
  10 adders
  A howler monkey skeleton (D:4)
  9 river rats
  6 shadow imps
  3 ufetubi (Sewer)
  3 oozes
  An adder skeleton (D:5)
  5 worms
  3 dart slugs
  6 giant geckos
  9 orcs
  4 giant cockroaches
  4 goblins
  4 hobgoblins
  7 jackals (D:2)
  27 kobolds
  A quokka (D:5)
  2 ball pythons (D:5)
  2 ball python skeletons
  9 bats
  A giant gecko skeleton (D:4)
  5 giant newts
  A jackal skeleton (D:8)
  A kobold zombie (Sewer)
  3 rats
  3 fungi (D:7)
  A plant (D:7)
209 creatures vanquished.

Vanquished Creatures (collateral kills)
  A scorpion (D:8)
  An ufetubus (Sewer)
  A kobold (Sewer)
3 creatures vanquished.

Vanquished Creatures (others)
  A big kobold zombie (Sewer)
  A giant cockroach zombie (Sewer)
  A kobold zombie (Sewer)
  A plant (D:7)
4 creatures vanquished.

Grand Total: 216 creatures vanquished

Notes
Turn   | Place    | Note
--------------------------------------------------------------
     0 | D:1      | wraslar the Demonspawn Wizard began the quest for the Orb.
     0 | D:1      | Reached XP level 1. HP: 13/13 MP: 4/4
   547 | D:1      | Gained mutation: You are partially covered in sharp spines. [demonic ancestry]
   547 | D:1      | Reached XP level 2. HP: 18/19 MP: 4/6
   723 | D:2      | Reached skill level 2 in Dodging
   801 | D:2      | Found a shadowy altar of Dithmenos.
   801 | D:2      | Found a glowing golden altar of the Shining One.
   947 | D:2      | Found a sparkling altar of Nemelex Xobeh.
   992 | D:2      | Reached skill level 1 in Short Blades
   992 | D:2      | Gained mutation: You are partially covered in rough black scales (AC +4, Dex -1). [demonic ancestry]
   992 | D:2      | Reached XP level 3. HP: 24/24 MP: 1/8
  1487 | D:3      | Found an iron altar of Okawaru.
  1634 | D:3      | Found a shattered altar of Ashenzari.
  1710 | D:3      | Reached XP level 4. HP: 30/30 MP: 9/9
  1841 | D:3      | Learned a level 2 spell: Call Imp
  1844 | D:3      | Learned a level 2 spell: Blink
  1847 | D:3      | Learned a level 2 spell: Slow
  1851 | D:3      | Learned a level 3 spell: Mephitic Cloud
  1937 | D:3      | Noticed Terence
  1959 | D:3      | Killed Terence
  1961 | D:3      | Found a blossoming altar of Fedhas.
  1973 | D:3      | Found an ancient bone altar of Kikubaaqudgha.
  2041 | D:4      | Found a sand-covered staircase.
  2056 | D:4      | Found a staircase to the Ecumenical Temple.
  2070 | D:4      | Reached XP level 5. HP: 27/36 MP: 9/11
  2077 | D:4      | Learned a level 2 spell: Ensorcelled Hibernation
  2289 | D:4      | Noticed a phantom
  2324 | D:4      | Killed a phantom
  2324 | D:4      | Reached skill level 1 in Fighting
  2324 | D:4      | Reached skill level 3 in Dodging
  2324 | D:4      | Reached XP level 6. HP: 35/43 MP: 0/12
  2337 | D:4      | Noticed a hippogriff
  2358 | D:3      | Killed a hippogriff
  2561 | D:4      | Noticed Edmund
  2827 | D:3      | Killed Edmund
  2827 | D:3      | Reached skill level 4 in Dodging
  2827 | D:3      | Reached XP level 7. HP: 16/48 MP: 9/13
  3420 | D:5      | Entered Level 5 of the Dungeon
  3467 | D:5      | Found a glowing drain.
  3541 | Sewer    | Entered a sewer
  3645 | Sewer    | Found a burning altar of Makhleb.
  3657 | Sewer    | Noticed Grinder
  3658 | Sewer    | Noticed an apprentice kobold demonologist
  3680 | Sewer    | Killed Grinder
  3680 | Sewer    | Reached skill level 1 in Translocations
  3680 | Sewer    | Reached XP level 8. HP: 35/57 MP: 1/15
  3688 | Sewer    | Killed an apprentice kobold demonologist
  3688 | Sewer    | Reached skill level 5 in Dodging
  3688 | Sewer    | Reached skill level 5 in Spellcasting
  3688 | Sewer    | Reached skill level 1 in Poison Magic
  4426 | D:5      | Noticed Eustachio
  4465 | D:5      | Killed Eustachio
  4465 | D:5      | Reached skill level 1 in Maces & Flails
  4623 | D:5      | Noticed Pikel
  4973 | D:4      | HP: 2/57 [Pikel/whip of electrocution (15)]
  5798 | D:3      | Learned a level 3 spell: Conjure Flame
  6485 | D:7      | Reached XP level 9. HP: 62/62 MP: 14/17
  6610 | D:7      | Noticed Crazy Yiuf
  6615 | D:7      | Killed Crazy Yiuf
  6752 | D:7      | Reached skill level 1 in Air Magic
  6781 | D:7      | Reached skill level 6 in Dodging
  7203 | D:8      | Identified the Handbook of Black Magic and the Volcanoes
  7207 | D:8      | Learned a level 2 spell: Throw Flame
  7312 | D:8      | Found a staircase to the Lair.
  7330 | Lair:1   | Entered Level 1 of the Lair of Beasts
  7393 | Lair:1   | Reached skill level 7 in Dodging
  7394 | Lair:1   | Gained mutation: You are mostly covered in sharp spines. [demonic ancestry]
  7394 | Lair:1   | Reached XP level 10. HP: 60/71 MP: 19/19
  7685 | Lair:2   | Slain by a komodo dragon

Skill      XL: |  1  2  3  4  5  6  7  8  9 10 |
---------------+-------------------------------+-----
Dodging        | 2 3 4 5 7 |  7.2
Short Blades   | 1 2 3 4 |  4.3
Stealth        | 2 3 4 |  4.7
Spellcasting   | 4 5 6 |  6.1
Conjurations   | 2 3 4 |  4.7
Fighting       | 1 2 3 4 |  4.0
Translocations | 1 3 |  3.6
Poison Magic   | 1 |  1.3
Maces & Flails | 1 3 |  3.6
Air Magic      | 1 |  1.0
Summonings     | |  1.7

Action                   |  1- 3 |  4- 6 |  7- 9 | 10-12 || total
-------------------------+-------+-------+-------+-------++-------
Melee: Dagger            |     7 |       |       |       ||     7
       Short sword       |    56 |    96 |   323 |    18 ||   493
       Whip              |       |       |    56 |       ||    56
 Cast: Magic Dart        |    53 |    32 |    86 |       ||   171
       Mephitic Cloud    |       |     1 |     5 |       ||     6
       Blink             |       |       |     3 |       ||     3
       Call Imp          |       |       |     3 |       ||     3
Evoke: Wand              |       |       |     2 |       ||     2
  Use: Scroll            |     9 |     3 |     9 |     1 ||    22
       Potion            |       |     4 |    12 |       ||    16
 Stab: Sleeping          |     2 |       |     8 |     1 ||    11
       Confused          |       |       |     1 |       ||     1
  Eat: Bread ration      |     1 |     1 |     3 |       ||     5
       Chunk             |     1 |       |       |       ||     1
       Pizza             |       |       |     3 |       ||     3
       Fruit             |       |       |     1 |       ||     1
       Beef jerky        |       |       |     1 |       ||     1
Armor: Robe              |    13 |    27 |    85 |     4 ||   129
       Skin              |       |     9 |       |       ||     9
Dodge: Dodged            |    27 |    63 |   223 |    22 ||   335
